 Dungeon Crawl Stone Soup version 0.23.2-1-ga50397a (webtiles) character file.

Game seed: 1069562662420005828

56 MajorAdolf the Skirmisher (level 3, -1/36 HPs)
             Began as a Naga Wanderer on Apr 21, 2019.
             Slain by an orc priest (4 damage)
             ... on level 3 of the Dungeon.
             The game lasted 00:05:49 (1659 turns).

MajorAdolf the Skirmisher (Naga Wanderer)           Turns: 1659, Time: 00:05:50

Health: -1/36      AC:  2    Str: 14    XL:     3   Next: 95%
Magic:  4/4        EV: 10    Int: 11    God:
Gold:   46         SH:  0    Dex: 15    Spells: 2/2 levels left

rFire    . . .     SeeInvis +   r - +1 dagger (flame)
rCold    . . .     Gourm    .   (no shield)
rNeg     . . .     Faith    .   c - +0 robe
rPois    +         Spirit   .   (no helmet)
rElec    .         Reflect  .   (no cloak)
rCorr    .         Harm     .   (no gloves)
MR       .....                  (no barding)
Stlth    ++........             (no amulet)
HPRegen  0.12/turn              o - +3 ring of dexterity
MPRegen  0.09/turn              (no ring)

@: very slow
A: large, see invisible, deformed body, poison resistance, slowness 2, slow
metabolism 1, spit poison 1, AC +1
a: Spit Poison


You were on level 3 of the Dungeon.
You were not hungry.

You visited 1 branch of the dungeon, and saw 3 of its levels.

You collected 46 gold pieces.

Inventory:

Hand Weapons
 a - a +2 mace
 f - a +0 vampiric dagger
 r - a +1 dagger of flaming (weapon)
 t - a +1 dagger of draining
Armour
 c - a +0 robe (worn)
Jewellery
 o - a +3 ring of dexterity (left hand)
Scrolls
 g - 2 scrolls of noise {unknown}
 h - 5 scrolls of teleportation {unknown}
 j - a scroll of enchant weapon {unknown}
 k - 3 scrolls of identify {unknown}
 l - a scroll of fog {unknown}
 m - a scroll of fear {unknown}
 n - a scroll of magic mapping {unknown}
 p - 2 scrolls of remove curse {unknown}
 q - a scroll of blinking {unknown}
Potions
 e - a potion of degeneration {unknown}
 i - a potion of heal wounds {unknown}
Comestibles
 d - a ration
 s - a chunk of flesh


   Skills:
 + Level 4.1 Fighting
 - Level 4.0 Maces & Flails
 - Level 1.0 Dodging
 - Level 1.5 Stealth
   Level 2.0 Evocations


You had 2 spell levels left.
You didn't know any spells.
Your spell library was empty.

Dungeon Overview and Level Annotations

Branches:
Dungeon (3/15)

Altars:
Trog
Zin


Innate Abilities, Weirdness & Mutations

You cannot wear boots.
Your serpentine skin is tough. (AC +1)
You have supernaturally acute eyesight. (SInv)
Armour fits poorly on your strangely shaped body.
Your system is resistant to poisons. (rPois)
You cover ground very slowly.
You have a slow metabolism.
You can spit poison.


Message History

Beogh smites you!
* * * LOW HITPOINT WARNING * * *
The orc hits you with a +0 hand axe.
* * * LOW HITPOINT WARNING * * *
You feel better. The orc hits you with a +0 hand axe.
* * * LOW HITPOINT WARNING * * *
You hit the orc priest. You burn the orc priest.
The orc priest is moderately wounded.
The orc priest hits you.
* * * LOW HITPOINT WARNING * * *
You hit the orc priest. You burn the orc priest.
The orc priest is severely wounded.
The orc hits you with a +0 hand axe.
* * * LOW HITPOINT WARNING * * *
The orc priest hits you.
* * * LOW HITPOINT WARNING * * *
You feel better. The orc hits you with a +0 hand axe.
* * * LOW HITPOINT WARNING * * *
The orc priest hits you.
You die...

...... .. #...####. #
#......#.##
#.#...(..#..###
#####.#......##...########
.....!.)....).............
...#.#......##...#####...
#.oo..........# #.#.
#.#@._..#...#.# #.#.
..l##...##...#.# #.#.
..o..#########.. # #.#.
.......# ##.. #.#.
.......# ..# #.#. ##.....#
.. #.#. #.....# #.#.


You could see an orc priest and an orc.

Vanquished Creatures
  An adder (D:2)
  A dart slug (D:2)
  2 leopard geckos
  A giant cockroach (D:2)
  9 goblins
  5 hobgoblins
  A ball python (D:2)
  8 bats
  2 frilled lizards (D:1)
  11 kobolds
  3 rats
44 creatures vanquished.

Vanquished Creatures (others)
  5 toadstools (D:1)
5 creatures vanquished.

Grand Total: 49 creatures vanquished

Notes
Turn   | Place    | Note
-------+----------+-------------------------------------------
     0 | D:1      | MajorAdolf the Naga Wanderer began the quest for the Orb.
     0 | D:1      | MajorAdolf set off with the following items: a +2 mace, 2
                  | potions of curing, a +0 robe, a ration
     0 | D:1      | Reached XP level 1. HP: 19/19 MP: 2/2
    59 | D:1      | Reached XP level 2. HP: 20/27 MP: 3/3
   577 | D:1      | Reached XP level 3. HP: 33/34 MP: 4/4
  1519 | D:2      | Found a faded altar of an unknown god.
  1591 | D:3      | Found a glowing silver altar of Zin.
  1624 | D:3      | Found a bloodstained altar of Trog.
  1655 | D:3      | HP: 1/36 [orc/+0 hand axe (4)]
  1659 | D:3      | Slain by an orc priest

Skill      XL: |  1  2  3 |
---------------+----------+-----
Fighting       | 3 4 |  4.1
Maces & Flails | |  4.0
Dodging        | |  1.0
Stealth        | |  1.5
Evocations     | |  2.0

Action                   || total
-------------------------++-------
Melee: Mace              ||    92
       Dagger            ||    31
 Abil: Spit Poison       ||     8
  Use: Potion            ||     2
 Stab: Sleeping          ||     1
  Eat: Chunk             ||     2
Armor: Robe              ||    37
Dodge: Dodged            ||    78
